 Dungeon Crawl Stone Soup version 0.21-a0-404-g291f19a (webtiles) character file.

7 zodiak12 the Caller (level 1, -1/15 HPs)
             Began as a Draconian Summoner on Oct 26, 2017.
             Slain by a worm (8 damage)
             ... on level 2 of the Dungeon.
             The game lasted 00:06:56 (1046 turns).

zodiak12 the Caller (Draconian Summoner)            Turns: 1046, Time: 00:06:57

Health: -1/15      AC:  4    Str: 10    XL:     1   Next: 83%
Magic:  0/3        EV: 12    Int: 15    God:
Gold:   46         SH:  0    Dex: 11    Spells: 3/4 levels left

rFire    . . .     SeeInvis .   l - +0 hand axe
rCold    . . .     Gourm    .   (no shield)
rNeg     . . .     Faith    .   (armour unavailable)
rPois    .         Spirit   .   (helmet restricted)
rElec    .         Reflect  .   (no cloak)
rCorr    .         Harm     .   (no gloves)
MR       .....                  (no boots)
Stlth    ++........             (no amulet)
HPRegen  0.05/turn              (no ring)
MPRegen  0.08/turn              (no ring)

@: no status effects
A: unfitting armour, cold-blooded, AC +4
a: no special abilities


You were on level 2 of the Dungeon.
You were not hungry.

You visited 1 branch of the dungeon, and saw 2 of its levels.

You collected 46 gold pieces.

Inventory:

Hand Weapons
 g - a +0 mace
 l - a +0 hand axe (weapon)
Missiles
 j - 96 stones (quivered)
 m - 15 poisoned needles
Scrolls
 d - a scroll of remove curse {unknown}
 e - a scroll of recharging {unknown}
 h - a scroll of fog {unknown}
 k - a scroll of identify {unknown}
 n - a scroll of teleportation {unknown}
Potions
 c - a potion of flight {unknown}
Books
 a - a book of Callings

   Spells                             Type                      Level
   a - Summon Small Mammal            Summoning                    1
   b - Call Imp                       Summoning                    2
   c - Call Canine Familiar           Summoning                    3
   d - Summon Guardian Golem          Hexes/Summoning              3
   e - Summon Lightning Spire         Summoning/Air                4
   f - Summon Ice Beast               Ice/Summoning                4
Comestibles
 b - 3 bread rations
 f - 4 fruits
 i - 2 chunks of flesh


   Skills:
 * Level 0.7 Fighting
 * Level 1.7 Dodging
 - Level 1.7 Stealth
 + Level 2.1 Spellcasting
 + Level 4.1 Summonings


You had 3 spell levels left.
You knew the following spells:

 Your Spells              Type           Power        Failure   Level  Hunger
a - Summon Small Mammal   Summ           ##..         4%          1    #......


Dungeon Overview and Level Annotations

Branches:
Dungeon (2/15)

Altars:


Innate Abilities, Weirdness & Mutations

Your plain brown scales are hard. (AC +4)
You cannot fit into any form of body armour.
You are cold-blooded and may be slowed by cold attacks.


Message History

Your rat bites the worm.
The worm bites your rat but does no damage.
Your rat bites the worm.
Your rat bites the worm.
The worm barely misses your rat.
Some of the chunks of flesh in your inventory have rotted away.
Your rat barely misses the worm.
j - 96 stones (gained 28)
You swap places.
You hit the worm.
The worm is heavily wounded.
Your rat bites the worm. x2
Your magical contamination has completely faded away.
Casting: Summon Small Mammal
Confirm with . or Enter, or press ? or * to list all spells.
The worm bites your rat.
Your rat dies!
Your rat's corpse disappears in a puff of smoke!
The worm bites you!
Ouch! That really hurt!
You die...

#######.##
#########.#
##...####.......# .
##....>#......##.###
#........#.##.......
#.....<....##.##.###
#........#.......#
##.....#.####.####
#####.w.##.<....#
#####...r@....#######
...........####.#
.###.##....####.# #
##.....##.#
###.#<##.# #.#.##.#
#......# #....####
#.####


You could see a worm and a friendly rat.

Vanquished Creatures
  A giant cockroach (D:1)
  A kobold (D:1)
  3 rats
5 creatures vanquished.

Vanquished Creatures (collateral kills)
  A giant cockroach (D:1)
  2 hobgoblins (D:1)
  A kobold (D:1)
4 creatures vanquished.

Grand Total: 9 creatures vanquished

Notes
Turn   | Place    | Note
-------+----------+-------------------------------------------
     0 | D:1      | zodiak12 the Draconian Summoner began the quest for the Orb.
     0 | D:1      | Reached XP level 1. HP: 14/14 MP: 3/3
  1046 | D:2      | Slain by a worm

Vault maps used:
D:1:      evilmike_arrival_crescent, hangedman_decor_opposing
D:2:      lemuel_zombie_altar_yredelemnul, xom_teletrap_fun, first_bread

Action                   || total
-------------------------++-------
Melee: Hand axe          ||     9
       Mace              ||     8
       Unarmed           ||     5
       Tailslap          ||     1
 Cast: Summon Small Mamm ||    21
  Eat: Chunk             ||     1
Armor: Skin              ||     5
Dodge: Dodged            ||    19

Table legend:
 A = Spawn XP
 B = Non-spawn XP
 C = Spawn XP percentage of total XP
 D = Spawn monster count
 E = Non-spawn monster count
 F = Spawn count percentage of total count
 G = Total turns spent on level
                    A         B        C        D         E        F      G
               +---------+---------+-------+---------+---------+-------+---------
         Total |       0 |      10 |   0.0 |       0 |       9 |   0.0 |  1046
               +---------+---------+-------+---------+---------+-------+---------
           D:1 |       0 |       8 |   0.0 |       0 |       7 |   0.0 |   908
           D:2 |       0 |       2 |   0.0 |       0 |       2 |   0.0 |   138
               +---------+---------+-------+---------+---------+-------+---------
